 Dungeon Crawl Stone Soup version 0.30.0-3-ga4e48a9924 (webtiles) character file.

Game seed: 16370460358929856630

24913 RascalDebosk the Fighter (level 13, -9/105 HPs)
             Began as a Djinni Fire Elementalist on May 7, 2023.
             Was a Believer of Ashenzari.
             Engulfed by a cloud of flame (12 damage)
             ... on level 3 of the Lair of Beasts.
             The game lasted 01:54:27 (10548 turns).

RascalDebosk the Fighter (DjFE)                    Turns: 10548, Time: 01:54:28

Health: -9/105     AC: 10    Str:  9    XL:     13   Next: 46%
Gold:   896        EV: 10    Int: 24    God:    Ashenzari [**....] SH: 13 Dex: 19

rFire   + . .        E - +6 hand axe "Fycheiluuj" {heavy, Str+2 Dex+5}
rCold   + . .        J - +2 kite shield
rNeg    . . .        N - +0 troll leather armour
rPois   ∞            B - +2 helmet
rElec   .            A - +0 cloak
rCorr   +            (no gloves)
SInv    +            (boots unavailable)
Will    +....        y - amulet "Share My Dogma" {Regen+, Self, Melee} (curse)
Stlth   ++           M - ring of the Tethered Cosmos {rC+, Melee, Fort} (curse)
HPRegen 1.97/turn    i - ring "Inaction of Ashenzari" {Ice rCorr Int+2 Slay+2, Melee, Self} (curse)
MPRegen 0.00/turn

%: infuse magic (-10 HP)
@: flying
A: sickness immunity, fire resistance 2, cold vulnerability 1, float, innate
caster, HP casting, extra vitality 1
a: Renounce Religion, Curse Item, Shatter the Chains


You were on level 3 of the Lair of Beasts.
You worshipped Ashenzari.
Ashenzari was pleased with you.
You visited 3 branches of the dungeon, and saw 14 of its levels.
You also visited: Ossuary.

You collected 1064 gold pieces.
You spent 168 gold pieces at shops.

Inventory:

Hand Weapons
 E - the +6 hand axe "Fycheiluuj" (weapon) {heavy, Str+2 Dex+5}
   (You found it on level 7 of the Dungeon)

   Str:       It affects your strength (+2).
   Dex:       It affects your dexterity (+5).
Armour
 A - a +0 cloak (worn)
 B - a +2 helmet (worn)
 J - a +2 kite shield (worn)
 N - a +0 troll leather armour (worn)
Jewellery
 i - the cursed ring "Inaction of Ashenzari" (right hand) {Ice rCorr Int+2 Slay+2, Melee, Self}
   (You found it on level 2 of the Lair of Beasts)

   [ring of ice]

   It enhances your ice magic.
   Int:       It affects your intelligence (+2).
   Slay:      It affects your accuracy & damage with ranged weapons and melee
   (+2).
   rF:        It makes you vulnerable to fire.
   rC:        It protects you from cold.
   rCorr:     It protects you from acid and corrosion.
   It has a curse which improves the following skills: Melee Combat: Short
   Blades, Long Blades, Axes, Maces & Flails, Polearms, Staves and Unarmed
   Combat.
   Introspection: Fighting and Spellcasting.
 m - a +4 ring of protection
 n - a +6 ring of intelligence
 y - the cursed amulet "Share My Dogma" (around neck) {Regen+, Self, Melee}
   (You found it on level 6 of the Dungeon)

   [amulet of regeneration]

   Regen:     It increases your rate of health regeneration.
   It has a curse which improves the following skills: Introspection: Fighting
   and Spellcasting.
   Melee Combat: Short Blades, Long Blades, Axes, Maces & Flails, Polearms,
   Staves and Unarmed Combat.
 M - the cursed ring of the Tethered Cosmos (left hand) {rC+, Melee, Fort}
   (You found it on level 11 of the Dungeon)

   [ring of protection from cold]

   rC:        It protects you from cold.
   It has a curse which improves the following skills: Melee Combat: Short
   Blades, Long Blades, Axes, Maces & Flails, Polearms, Staves and Unarmed
   Combat.
   Fortitude: Armour and Shields.
Wands
 e - a wand of digging (10)
 C - a wand of mindburst (7)
 F - a wand of paralysis (4)
 K - a wand of iceblast (8)
 L - a wand of flame (17)
Scrolls
 a - 2 scrolls of torment
 c - a scroll of brand weapon
 f - 3 scrolls of fog
 g - 2 scrolls of blinking
 j - 3 scrolls of butterflies
 r - 2 scrolls of immolation
 s - a scroll of silence
 t - 9 scrolls of teleportation
 w - 10 scrolls of enchant weapon
 x - 4 scrolls of poison
 D - a scroll of vulnerability
 P - 2 scrolls of fear
Potions
 b - 2 potions of mutation
 d - 6 potions of attraction
 h - 4 potions of might
 k - a potion of invisibility
 l - 4 potions of curing
 o - 7 potions of heal wounds
 u - a potion of ambrosia
 v - a potion of cancellation
 z - 3 potions of brilliance
 G - 2 potions of haste
 I - a potion of berserk rage
 O - a potion of resistance
Miscellaneous
 H - a phantom mirror


   Skills:
 * Level 12.4(14.1) Fighting
 - Level 3.9(6.0) Long Blades
 + Level 5.6(7.9) Axes
 + Level 8.5(9.7) Armour
 - Level 2.1 Dodging
 - Level 1.5 Stealth
 + Level 5.2(6.3) Shields
 * Level 10.1(11.8) Spellcasting
 - Level 2.0 Evocations


You knew the following spells:

 Your Spells              Type           Power      Damage    Failure   Level
a - Foxfire               Conj/Fire      100%       2x1d9     1%          1
b - Scorch                Fire           100%       2d9       1%          2
c - Volatile Blastmotes   Fire/Tloc      100%       2d18      1%          3
d - Inner Flame           Hex/Fire       63%        N/A       1%          3
e - Flame Wave            Conj/Fire      63%        2d15      1%          4
f - Summon Small Mammal   Summ           100%       N/A       1%          1
g - Wereblood             Tmut           63%        N/A       1%          2
h - Ignite Poison         Fire/Tmut/Pois 63%        N/A       1%          3
i - Olgreb's Toxic Radia  Pois           63%        N/A       1%          4
j - Summon Forest         Summ/Tloc      31%        N/A       4%          5
k - Irradiate             Conj/Tmut      31%        3d22      4%          5
Your spell library was empty.

Dungeon Overview and Level Annotations

Branches:
Dungeon (11/15)            Temple (1/1) D:6            Lair (3/5) D:11
  Swamp (0/4) Lair:2       Spider (0/4) Lair:3          Orc (0/2) D:11
Ossuary (visited)

Altars:
Ashenzari
Cheibriados
Dithmenos
Elyvilon
Fedhas
Gozag
Hepliaklqana
Makhleb
Nemelex Xobeh
Okawaru
Qazlal
Ru
Trog
Uskayaw
Wu Jian
Xom
Yredelemnul
Zin
The Shining One

Shops:
D:1 :   D:11 *(

Annotations:
D:5 2 transporters, Mangosteen's ghost, novice GrFi
D:6 exclusion: statue
D:7 1 runed translucent door, Inkenn's ghost, novice SpHu
Lair:1 1 runed translucent door, Kaece's ghost, novice TeFE


Innate Abilities, Weirdness & Mutations

You are immune to sickness and miasma.
You are immune to poison.
Your flesh is very heat resistant. (rF++)
You are vulnerable to cold. (rC-)
You float through the air rather than walking.
You learn spells naturally, not from books.
Your magical power is your life essence.
You have superior vitality. (+4 MHP)


Message History

(Press . to intensify the flame waves.)
You hear an angry hiss.
The water moccasin hisses angrily.
You hear a loud, deep croak!
You hear a croak.
A black mamba comes into view.
A wave of flame ripples out!
The flame wave engulfs the seven-headed hydra!
The seven-headed hydra is lightly wounded.
The tree burns like a torch!
The flame wave engulfs the black mamba!
The black mamba is heavily wounded.
A cane toad comes into view.
You are engulfed in blazing flames.
You resist.
Your toxic aura wanes.
You hear a croak.
You hear a deafening roar!
The black mamba is engulfed in blazing flames.
A cane toad comes into view.
The seven-headed hydra is engulfed in blazing flames.
You block the seven-headed hydra's attack. x2
The seven-headed hydra bites you.
The seven-headed hydra bites you but does no damage. x2
The seven-headed hydra barely misses you.
The seven-headed hydra bites you!
The black mamba is engulfed in a forest fire.
The black mamba bites you.
The forest fire spreads!
A wave of flame ripples out!
The flame wave engulfs the black mamba!
You kill the black mamba!
The flame wave engulfs the seven-headed hydra!!
The seven-headed hydra is severely wounded.
The flame wave engulfs the cane toad!
The cane toad is heavily wounded.
The tree burns like a torch!
You smell burning wood.
The flame wave engulfs the water moccasin!
The water moccasin is moderately wounded.
The flame wave engulfs the cane toad!
The cane toad is moderately wounded.
You finish channelling waves of flame.
You are engulfed in blazing flames.
You resist.
The water moccasin is engulfed in blazing flames.
The seven-headed hydra is engulfed in blazing flames.
You block the seven-headed hydra's attack.
The seven-headed hydra barely misses you. x2
The seven-headed hydra bites you but does no damage.
You block the seven-headed hydra's attack.
The seven-headed hydra bites you.
The seven-headed hydra closely misses you.
The cane toad is engulfed in a forest fire.
The cane toad is engulfed in blazing flames.
The forest fire spreads! x2
Unknown command.
You are engulfed in blazing flames.
You resist.
A bullfrog comes into view.
The water moccasin is engulfed in a forest fire.
The seven-headed hydra is engulfed in blazing flames.
The seven-headed hydra bites you but does no damage.
You block the seven-headed hydra's attack.
The seven-headed hydra bites you!
* * * LOW HITPOINT WARNING * * *
The seven-headed hydra bites you but does no damage.
The seven-headed hydra barely misses you.
The seven-headed hydra bites you.
* * * LOW HITPOINT WARNING * * *
You block the seven-headed hydra's attack.
The cane toad is engulfed in blazing flames.
You kill the cane toad!
The cane toad is engulfed in a forest fire.
The water moccasin is engulfed in a forest fire.
You kill the water moccasin!
The bullfrog moves out of view.
You are engulfed in blazing flames.
You resist.
* * * LOW HITPOINT WARNING * * *
The seven-headed hydra is engulfed in blazing flames.
You kill the seven-headed hydra!
The cane toad is engulfed in blazing flames.
The cane toad barely misses you.
You are engulfed in blazing flames.
You resist.
* * * LOW HITPOINT WARNING * * *
The cane toad is engulfed in blazing flames.
The cane toad stings you but does no damage.
A hell rat comes into view.
Your magical contamination has completely faded away.
The forest fire spreads!
You are engulfed in blazing flames.
You resist.
* * * LOW HITPOINT WARNING * * *
The cane toad is engulfed in blazing flames.
You kill the cane toad!
A steam dragon comes into view.
The forest fire spreads! x3
You are engulfed in blazing flames.
You resist.
* * * LOW HITPOINT WARNING * * *
The forest fire spreads! x5
Unknown command.
You are engulfed in blazing flames.
You resist.
* * * LOW HITPOINT WARNING * * *
The forest fire spreads!
You are engulfed in blazing flames.
You resist.
* * * LOW HITPOINT WARNING * * *
The steam dragon breathes steam at you. The ball of steam hits you! You resist.
* * * LOW HITPOINT WARNING * * *
You are engulfed in blazing flames.
You resist.
You die...

#.# * * , ♣♣.♣♣# ..# * #♣
* *#♣, ♣#♣...♣# ..# *, *
. * #.* #., .#.#†#.# ..#
♣. * #.,,*.#.♣♣♣.#.#.#.#
#.# , ,
♣.♣♣#F♣♣♣D#..♣..#.#.#.#
..#,
♣§§§§§§§§♣♣.♣.♣#.#.#.#
..# * *
♣♣♣♣§§§§§§§♣..#..#.#.#.#
..#,*,+
..°r§§§§§☼☼§.#.#...#.#.#
..# ,
♣§☼§§@§§§♣..#..#.#.#.#
..# *,
♣§§§§☼§§§§.§°♣†♣#.# #.#
#.# , ♣.§§#§§§§§#.°♣..#.#
# ### ♣.♣§
#§§§§§#.♣♣♣.#.#,* # * **
. ♣ *#.♣§°§#..♣..#.# # *
** * * #§,♣§♣#♣.♣.♣#♣. #
#♣ ♣♣ ♣♣.♣♣ *♣ #
#########################
#......##...........††...


You could see a steam dragon (catching breath), a bullfrog and a hell rat.

Vanquished Creatures
  A fire dragon (Lair:2)
  A hydra (Lair:3)
  2 two-headed ogres (D:10)
  Nergalle (Lair:2)
  Amaemon (D:10)
  A will-o-the-wisp (Lair:2)
  An elephant (Lair:3)
  3 black mambas (Lair:3)
  An orange demon (D:10)
  6 cane toads
  2 komodo dragons
  4 rime drakes
  A troll (D:11)
  Prince Ribbit (D:6)
  18 blink frogs
  3 jumping spiders (Lair:3)
  4 culicivoras (Lair:3)
  A shadow (D:11)
  2 wyverns
  12 yaks
  2 redbacks (Lair:3)
  2 steam dragons
  2 basilisks
  Eustachio (D:5)
  Grum (D:8)
  Menkaure (D:6)
  4 vampire mosquitoes (D:11)
  3 wargs (D:11)
  3 acid dragons
  Duvessa (D:7)
  11 water moccasins
  A black bear (D:5)
  2 ice beasts
  2 ogres
  2 orc warriors
  A sky beast (D:7)
  8 centaurs
  8 wolves
  4 phantoms
  8 bullfrogs
  A scorpion (D:4)
  A gnoll sergeant (D:10)
  An elf skeleton (D:5)
  10 wights
  10 killer bees (D:10)
  A troll zombie (D:11)
  Dowan (D:7)
  4 hounds
  A gnoll bouda (D:3)
  7 orc priests
  2 jellies
  4 sleepcaps
  A human skeleton (D:5)
  Terence (D:2)
  An iguana (D:6)
  9 orc wizards
  7 hell rats (Lair:2)
  7 ogre zombies (D:11)
  8 mummies (Ossuary)
  Robin (D:2)
  9 adders
  13 gnolls
  3 white imps
  3 ufetubi
  2 worms
  7 dart slugs
  29 orcs
  4 endoplasms
  17 goblins
  4 hobgoblins
  2 jackals (D:4)
  A quokka (D:1)
  12 ball pythons
  7 bats
  2 frilled lizards (D:1)
  3 gnoll zombies (Ossuary)
  2 goblin zombies (D:11)
  A hobgoblin skeleton (D:11)
  4 hobgoblin zombies
  8 kobolds
  4 orc skeletons
  23 orc zombies
  5 rats
376 creatures vanquished.

Vanquished Creatures (collateral kills)
  A giant cockroach (D:2)
  A foxfire (Lair:2)
2 creatures vanquished.

Vanquished Creatures (others)
  An orc (D:5)
  552 foxfires
  7 fungi
  6 plants
  2 withered plants (Lair:1)
568 creatures vanquished.

Grand Total: 946 creatures vanquished

Notes
Turn   | Place    | Note
-------+----------+-------------------------------------------
     0 | D:1      | RascalDebosk the Djinni Fire Elementalist began the quest
                  | for the Orb.
     0 | D:1      | RascalDebosk set off with the following spells memorised:
                  | Foxfire, Scorch, Volatile Blastmotes, Inner Flame, Flame
                  | Wave.
     0 | D:1      | Reached XP level 1. HP: 15/15 MP: 0/0
    74 | D:1      | Reached XP level 2. HP: 20/22 MP: 0/0
    94 | D:1      | Reached skill level 1 in Fighting
   477 | D:1      | Found Kiuxkor's Vocational Training.
   503 | D:1      | Reached XP level 3. HP: 25/27 MP: 0/0
   503 | D:1      | Learned a level 1 spell: Summon Small Mammal
   748 | D:1      | Reached skill level 2 in Fighting
   994 | D:2      | Reached XP level 4. HP: 29/33 MP: 0/0
  1180 | D:2      | Noticed Robin
  1190 | D:2      | Killed Robin
  1291 | D:2      | Reached XP level 5. HP: 38/40 MP: 0/0
  1291 | D:2      | Learned a level 2 spell: Wereblood
  1590 | D:2      | Noticed Terence
  1594 | D:2      | Killed Terence
  1595 | D:2      | Reached skill level 3 in Fighting
  1900 | D:2      | Found a faded altar of an unknown god.
  2069 | D:3      | Found a shimmering altar of Xom.
  2508 | D:3      | Reached skill level 1 in Armour
  2508 | D:3      | Reached skill level 1 in Evocations
  2508 | D:3      | Reached XP level 6. HP: 44/46 MP: 0/0
  2701 | D:3      | Found an iron altar of Okawaru.
  2765 | D:4      | Reached skill level 4 in Fighting
  2770 | D:4      | Reached XP level 7. HP: 27/52 MP: 0/0
  2770 | D:4      | Learned a level 3 spell: Ignite Poison
  2966 | D:4      | Found a blossoming altar of Fedhas.
  2988 | D:4      | Found a bloodstained altar of Trog.
  3219 | D:4      | Found an opulent altar of Gozag.
  3219 | D:4      | Found a glowing silver altar of Zin.
  3471 | D:5      | Entered Level 5 of the Dungeon
  3573 | D:5      | Found a transporter.
  3586 | D:5      | Noticed Eustachio
  3592 | D:5      | Killed Eustachio
  3593 | D:5      | Reached skill level 1 in Long Blades
  3593 | D:5      | Reached XP level 8. HP: 37/58 MP: 0/0
  3624 | D:5      | Found a transporter.
  3658 | D:5      | Reached skill level 5 in Fighting
  3664 | D:5      | Noticed Mangosteen's ghost (novice GrFi)
  3775 | D:5      | Found a sand-covered staircase.
  3781 | Ossuary  | Entered an ossuary
  3983 | D:5      | Reached skill level 5 in Spellcasting
  4418 | D:6      | Noticed Menkaure
  4422 | D:6      | Killed Menkaure
  4423 | D:6      | Reached skill level 6 in Fighting
  4423 | D:6      | Reached XP level 9. HP: 28/66 MP: 0/0
  4423 | D:6      | Learned a level 4 spell: Olgreb's Toxic Radiance
  4870 | D:6      | Found a glowing golden altar of the Shining One.
  4942 | D:6      | Found a staircase to the Ecumenical Temple.
  4967 | Temple   | Entered the Ecumenical Temple
  4986 | Temple   | Became a worshipper of Ashenzari the Shackled
  5033 | D:6      | Noticed Prince Ribbit
  5034 | D:6      | Reached skill level 7 in Fighting
  5038 | D:6      | Killed Prince Ribbit
  5404 | D:7      | Found a runed translucent door.
  5408 | D:7      | Noticed Inkenn's ghost (novice SpHu)
  5463 | D:7      | Noticed Duvessa
  5463 | D:7      | Noticed Dowan
  5467 | D:7      | Killed Duvessa
  5467 | D:7      | Killed Dowan
  5468 | D:7      | Reached XP level 10. HP: 69/76 MP: 0/0
  5474 | D:7      | Identified the +6 hand axe "Fycheiluuj" {heavy, Str+2
                  | Dex+5}
  6094 | D:8      | Reached skill level 8 in Fighting
  6094 | D:8      | Reached skill level 5 in Armour
  6099 | D:8      | Reached skill level 1 in Axes
  6124 | D:8      | Noticed Grum
  6128 | D:8      | Killed Grum
  6163 | D:8      | Found a sacrificial altar of Ru.
  6166 | D:8      | Found a burning altar of Makhleb.
  6473 | D:8      | Found a snail-covered altar of Cheibriados.
  6495 | D:8      | You are sucked into a shaft and drop 2 floors!
  6495 | D:10     | Entered Level 10 of the Dungeon
  6549 | D:10     | Reached skill level 9 in Fighting
  6584 | D:10     | Found a sparkling altar of Nemelex Xobeh.
  6584 | D:10     | Identified the +1 plate armour "Mic Digo" {Contam Fly rF+
                  | SInv}
  6633 | D:10     | Noticed Amaemon
  6633 | D:10     | Noticed an orange demon
  6637 | D:10     | Killed an orange demon
  6638 | D:10     | Killed Amaemon
  6639 | D:10     | Reached XP level 11. HP: 77/85 MP: 0/0
  6639 | D:10     | Learned a level 5 spell: Summon Forest
  6689 | D:10     | Noticed a two-headed ogre
  6693 | D:10     | Killed a two-headed ogre
  6718 | D:10     | Noticed a two-headed ogre
  6723 | D:10     | Killed a two-headed ogre
  6727 | D:10     | Reached skill level 10 in Fighting
  7025 | D:10     | Found an ornate altar of the Wu Jian Council.
  7363 | D:11     | Reached skill level 1 in Shields
  7435 | D:11     | Found a staircase to the Orcish Mines.
  7522 | D:11     | Found a staircase to the Lair.
  7657 | D:11     | Found Sattep's Assorted Antiques.
  7668 | D:11     | Bought 2 scrolls of teleportation for 168 gold pieces
  7754 | D:11     | Found Rezxoxuv's Weapon Shoppe.
  7865 | Lair:1   | Entered Level 1 of the Lair of Beasts
  7976 | Lair:1   | Found a runed translucent door.
  7976 | Lair:1   | Noticed Kaece's ghost (novice TeFE)
  8002 | Lair:1   | Reached XP level 12. HP: 91/94 MP: 0/0
  8071 | Lair:1   | Reached skill level 11 in Fighting
  8569 | Lair:2   | Found a staircase to the Swamp.
  8646 | Lair:2   | Reached * piety under Ashenzari
  9056 | Lair:2   | Noticed Nergalle
  9062 | Lair:2   | Killed Nergalle
  9291 | Lair:2   | Noticed a fire dragon
  9338 | Lair:2   | Killed a fire dragon
  9396 | Lair:2   | Identified the staff of fire "Ruimevem" {rF+ Int+2}
  9396 | Lair:2   | Identified the +4 falchion "Sisud" {elec, rPois Will+
                  | rCorr}
  9397 | Lair:2   | Identified the ring "Nioll" {Ice rCorr Int+2 Slay+2}
  9594 | Lair:3   | Reached ** piety under Ashenzari
  9845 | Lair:3   | Reached skill level 5 in Axes
  9856 | Lair:3   | Found a hole to the Spider Nest.
  9862 | Lair:3   | Reached XP level 13. HP: 90/103 MP: 0/0
  9862 | Lair:3   | Learned a level 5 spell: Irradiate
  9924 | Lair:3   | Reached skill level 12 in Fighting
 10459 | Lair:3   | Reached skill level 5 in Shields
 10459 | Lair:3   | Reached skill level 10 in Spellcasting
 10535 | Lair:3   | Noticed a seven-headed hydra
 10542 | Lair:3   | Killed a seven-headed hydra
 10547 | Lair:3   | HP: 3/105 [steam dragon/ball of steam (7)]
 10548 | Lair:3   | Engulfed by a cloud of flame

Illustrated notes

Levels and vault maps discovered:
D:1:      minmay_arrival_four_circles, layout_loops_ring,
          minmay_tree_intersection, hangedman_decor_points,
          nicolae_shop_vocational
D:2:      layout_basic, dilly_ecumenical_altar_fadedgnrine, uniq_terence,
          uniq_robin
D:3:      layout_loops_ring, mainiacjoe_overflow_chevrons,
          hellmonk_okawaru_the_only_friend_you_need, saegor_snake_ambush
D:4:      layout_cave_pools, grunt_temple_overflow_gold_and_silver,
          general_overflow_altar, mainiacjoe_overflow_alcove_1,
          minmay_liquid_box, supply_closet_lemuel
D:5:      layout_gridville, nicolae_sif_muna_condensation,
          gammafunk_ghost_mausoleum, nicolae_ossuary_entry_catacombs,
          minmay_crystal_water, kennysheep_decorative_pillar, st_stairs_8,
          uniq_eustachio
D:6:      layout_loops_ring, vehumet_statue, lemuel_round_altar,
          minmay_temple_entry_antechambers, uniq_menkaure, uniq_prince_ribbit1
D:7:      layout_basic, marbit_many_paths, hellmonk_ghost_happy_afterlife,
          uniq_duvessa
D:8:      layout_cave_pools, nicolae_overflow_squiral, slow_altar_1, uniq_grum
D:10:     layout_long_grid, nzn_wu_jian_contemplation,
          mainiacjoe_overflow_paths, eino_jars, uniq_amaemon
D:11:     layout_rooms, erik_lair_orcish_takeover, zombieorc2_lemuel,
          serial_shops, nicolae_shop_scrapyard, nicolae_shop_waterfront
Temple:   hellmonk_temple_of_storms
Lair:1:   layout_regular_city, gammafunk_ghost_grave, lemuel_fruit_tree
Lair:2:   dragon1_lemuel, layout_loops_ring, minmay_swamp_entry_wisps,
          grunt_megastairs_1, uniq_nergalle
Lair:3:   nzn_winding_woodlands_huge [nzn_winding_woodlands_5x15_eye,
          nzn_winding_woodlands_5x15_zeroes,
          nzn_winding_woodlands_5x15_longhouse,
          nzn_winding_woodlands_5x15_twine, nzn_winding_woodlands_5x15_jagged,
          nzn_winding_woodlands_5x15_sawtooth, nzn_winding_woodlands_5x15_cabin,
          nzn_winding_woodlands_5x15_parted,
          nzn_winding_woodlands_5x15_split_checker,
          nzn_winding_woodlands_5x15_concentric,
          nzn_winding_woodlands_center_lodge,
          nzn_winding_woodlands_center_triple_pond,
          nzn_winding_woodlands_15x15_killbox], layout_hall_layers,
          nicolae_spider_entry_tight_spaces, lemuel_fruit_fields

Skill      XL: |  1  2  3  4  5  6  7  8  9 10 11 12 13 |
---------------+----------------------------------------+-----
Fighting       | 1 2 3 4 6 7 9 10 11 12 | 12.4
Spellcasting   | 3 4 5 6 7 8 9 10 | 10.1
Armour         | 1 2 3 4 5 6 7 8 |  8.5
Evocations     | 1 2 |  2.0
Long Blades    | 1 2 3 |  3.9
Axes           | 2 4 5 |  5.6
Shields        | 2 4 5 |  5.2
Dodging        | |  2.1
Stealth        | |  1.5

Action                     |  1- 3 |  4- 6 |  7- 9 | 10-12 | 13-15 || total
---------------------------+-------+-------+-------+-------+-------++-------
  Melee: Long sword        |       |       |    14 |       |       ||    14
         Hand axe          |       |       |       |    11 |     3 ||    14
   Cast: Foxfire           |    44 |    67 |   118 |   111 |       ||   340
         Scorch            |     9 |    28 |    76 |    86 |    25 ||   224
         Inner Flame       |       |     3 |     8 |     5 |       ||    16
         Summon Small Mamm |       |     2 |       |       |       ||     2
         Flame Wave        |       |     1 |     5 |     4 |     1 ||    11
         Olgreb's Toxic Ra |       |       |     9 |    68 |     9 ||    86
         Ignite Poison     |       |       |     6 |    78 |    11 ||    95
         Volatile Blastmot |       |       |     2 |     4 |       ||     6
         Wereblood         |       |       |       |     1 |       ||     1
         Irradiate         |       |       |       |       |     2 ||     2
 Invoke: Curse Item        |       |       |       |     3 |       ||     3
  Evoke: Wand              |       |       |       |     4 |       ||     4
         Phantom mirror    |       |       |       |     1 |       ||     1
    Use: Scroll            |       |       |    13 |     6 |       ||    19
 Armour: Robe              |       |     1 |       |       |       ||     1
         Troll leather arm |       |     1 |    20 |    26 |    13 ||    60
  Dodge: Dodged            |     5 |    10 |    53 |    48 |     9 ||   125
  Block: Kite shield       |       |       |       |    41 |    19 ||    60
